Match 40912143
Unlisted
Match 40912143
End
Construct Weapon Support Center
Selects Special Operations Battlegroup
Selects M29 Weasel Recon Vehicle
M29 Weasel Recon Vehicle
M1919 Machine Gun Team
Engineer Squad
M1919 Machine Gun Team
Mechanized Support Center
M3 Armored Personnel Carrier
Engineer Squad
M3 Armored Personnel Carrier
Selects Raiding Flares
Designate Forward Repair Station
Improvised Armor
.30 cal Machine Gun
Bazooka Squad
Selects SSF Commando Squad
SSF Commando Squad
Improved M9 Bazooka Rockets
Construct Tank Depot
M3 Armored Personnel Carrier
SSF Commando Squad
M3 Armored Personnel Carrier
Construct Tank Depot
Selects Mark Vehicle
Selects UNKNOWN (2162291)
Raiding Flares
M3 Armored Personnel Carrier
Selects Air Re-supply Operation
M18 Hellcat Tank Destroyer
Mark Vehicle
M18 Hellcat Tank Destroyer
M4(105) Sherman Bulldozer
Designate Forward Repair Station
Raiding Flares
M18 Hellcat Tank Destroyer
Rapid Repairs
Mark Vehicle
Der schöne Bob
Huzi
[DVK]DiplomAgronom
E.King
[PD]Lurgi
General Feldsalat
[PD] Captain Unbrauchbar
Manu
0
0
Comments sign in to comment!
No comments posted yet!